 Dungeon Crawl Stone Soup version 0.23-a0-335-gba3dfdf (webtiles) character file.

114 Nr616 the Shield-Bearer (level 4, -1/28 HPs)
             Began as a Gargoyle Fighter on Oct 17, 2018.
             Slain by a gnoll
             ... wielding a +4 halberd
              (6 damage)
             ... on level 3 of the Dungeon.
             The game lasted 00:04:23 (1676 turns).

Nr616 the Shield-Bearer (Gargoyle Fighter)          Turns: 1676, Time: 00:04:23

Health: -1/28      AC: 10    Str: 20    XL:     4   Next: 97%
Magic:  4/4        EV:  7    Int:  9    God:
Gold:   78         SH: 10    Dex:  7    Spells: 3/3 levels left

rFire    . . .     SeeInvis .   a - +0 flail
rCold    . . .     Gourm    .   c - +1 shield
rNeg     + . .     Faith    .   b - +0 scale mail
rPois    ∞         Spirit   .   (no helmet)
rElec    +         Reflect  .   (no cloak)
rCorr    .         Harm     .   (no gloves)
MR       .....                  (no boots)
Stlth    ..........             (no amulet)
HPRegen  0.09/turn              n - ring of attention (curse)
MPRegen  0.09/turn              o - -2 ring of dexterity (curse)

@: no status effects
A: negative energy resistance 1, electricity resistance, unbreathing,
petrification resistance, rot immunity, AC +3
a: no special abilities


You were on level 3 of the Dungeon.
You were not hungry.

You visited 1 branch of the dungeon, and saw 3 of its levels.

You collected 78 gold pieces.

Inventory:

Hand Weapons
 a - a +0 flail (weapon)
Missiles
 m - 14 bolts
Armour
 b - a +0 scale mail (worn)
 c - a +1 shield (worn)
Jewellery
 n - a cursed ring of attention (left hand)
 o - a cursed -2 ring of dexterity (right hand)
Wands
 j - a wand of acid (6)
Scrolls
 e - a scroll of teleportation
Potions
 d - a potion of might
 h - 2 potions of magic {unknown}
 i - 2 potions of curing {unknown}
 k - a potion of cancellation {unknown}
 l - a potion of heal wounds {unknown}
Comestibles
 f - 5 rations
 g - 8 chunks of flesh


   Skills:
 - Level 3.2 Fighting
 * Level 4.2 Maces & Flails
 - Level 3.2 Armour
 + Level 4.3 Shields


You had 3 spell levels left.
You didn't know any spells.
Your spell library was empty.

Dungeon Overview and Level Annotations

Branches:
Dungeon (3/15)

Altars:


Innate Abilities, Weirdness & Mutations

You are resistant to torment.
Your stone body is resilient. (AC +3)
You are immune to poison.
You resist negative energy. (rN+)
You are resistant to electric shocks. (rElec)
You can survive without breathing.
You are immune to petrification.
You are immune to rotting.


Message History

The gnoll is severely wounded.
The gnoll completely misses you. The gnoll hits you but does no damage.
You closely miss the gnoll.
The gnoll is severely wounded.
The gnoll hits you with a +0 spear.
The gnoll hits you from afar with a +4 halberd.
* * * LOW HITPOINT WARNING * * *
You hit the gnoll but do no damage.
The gnoll is severely wounded.
The gnoll barely misses you. You block the gnoll's attack. x2
You barely miss the gnoll.
The gnoll is severely wounded.
The gnoll hits you but does no damage. The gnoll hits you with a +0 spear.
* * * LOW HITPOINT WARNING * * *
The gnoll barely misses you.
You closely miss the gnoll.
The gnoll is severely wounded.
The gnoll barely misses you.
The gnoll hits you from afar with a +4 halberd.
You die...

#..##. ##.....## #
#...#. ##.......## ##
##.....###.........####.
.........'.........'....
##...#.##.........####.
#. #.###.......## ## #.#
##.....## #. #.# ##...##
#. #@# ##)## #. #g# #.#
#. #g# #÷# #. ... ##.##
#. ### ##...## #.
#.....# ###.
.###...#####...
#.........(((.##
###############


You could see 2 gnolls.

Vanquished Creatures
  2 adders
  5 gnolls (D:3)
  A leopard gecko (D:1)
  A ball python (D:1)
  A giant cockroach (D:1)
  3 goblins (D:1)
  6 hobgoblins
  10 kobolds
  2 quokkas
  6 bats
  3 frilled lizards (D:1)
  6 rats
46 creatures vanquished.

Notes
Turn   | Place    | Note
-------+----------+-------------------------------------------
     0 | D:1      | Nr616 the Gargoyle Fighter began the quest for the Orb.
     0 | D:1      | Reached XP level 1. HP: 14/14 MP: 1/1
   118 | D:1      | Reached XP level 2. HP: 19/19 MP: 2/2
   688 | D:1      | Reached XP level 3. HP: 23/23 MP: 3/3
  1387 | D:3      | Reached XP level 4. HP: 27/28 MP: 4/4
  1676 | D:3      | Slain by a gnoll

Vault maps used:
D:1:      psy_arrival_whirlpool
D:2:      nicolae_overflow_hidden_temple

Skill      XL: |  1  2  3  4 |
---------------+-------------+-----
Maces & Flails | 3 4 |  4.2
Shields        | 4 |  4.3
Fighting       | |  3.2
Armour         | |  3.2

Action                   |  1- 3 |  4- 6 || total
-------------------------+-------+-------++-------
Melee: Flail             |   154 |    36 ||   190
  Use: Scroll            |     4 |       ||     4
  Eat: Chunk             |     2 |     1 ||     3
Armor: Scale mail        |   107 |    11 ||   118
Dodge: Dodged            |    66 |    14 ||    80
Block: Shield            |    92 |    20 ||   112

Table legend:
 A = Non-vault XP
 B = Vault XP
 C = Vault XP percentage of total XP
 D = Non-vault monster count
 E = Vault monster count
 F = Vault count percentage of total count
                 A         B        C        D         E       F
            +---------+---------+-------+---------+---------+-------
      Total |     163 |       0 |   0.0 |      46 |       0 |   0.0
            +---------+---------+-------+---------+---------+-------
        D:1 |      42 |       0 |   0.0 |      26 |       0 |   0.0
        D:2 |      30 |       0 |   0.0 |      10 |       0 |   0.0
        D:3 |      91 |       0 |   0.0 |      10 |       0 |   0.0
            +---------+---------+-------+---------+---------+-------
